 Dungeon Crawl Stone Soup version 0.28.0-62-gf88900778d (webtiles) character file.

Game seed: 2454456709865726278

3033 cbfl8 the Cleaver (level 9, -1/64 (75) HPs)
             Began as a Hill Orc Fighter on May 26, 2023.
             Slain by a shadow (22 damage)
             ... on level 7 of the Dungeon.
             The game lasted 00:10:58 (9101 turns).

cbfl8 the Cleaver (Hill Orc Fighter)                Turns: 9101, Time: 00:10:58

HP:   -1/64 (75)    AC: 12    Str: 21    XL:     9   Next: 86%
MP:   9/9           EV:  7    Int:  8    God:
Gold: 314           SH: 14    Dex: 12    Spells: 8/8 levels left

rFire   . . .      SeeInvis .   a - +0 war axe
rCold   + . .      Faith    .   i - +0 tower shield
rNeg    . . .      Spirit   .   b - +0 scale mail
rPois   .          Reflect  .   (no helmet)
rElec   .          Harm     .   (no cloak)
rCorr   .          Rampage  .   (no gloves)
Will    .....                   (no boots)
Stlth   ..........              (no amulet)
HPRegen 0.20/turn               f - +4 ring of protection
MPRegen 0.11/turn               v - ring of protection from cold

@: heavily drained
A: no striking features
a: no special abilities


You were on level 7 of the Dungeon.
You visited 1 branch of the dungeon, and saw 7 of its levels.
You also visited: Sewer.

You collected 314 gold pieces.

Inventory:

Hand Weapons
 a - a +0 war axe (weapon)
Armour
 b - a +0 scale mail (worn)
 i - a +0 tower shield (worn)
Jewellery
 f - a +4 ring of protection (left hand)
 j - a +6 ring of intelligence
 v - a ring of protection from cold (right hand)
 C - a ring of positive energy
Wands
 e - a wand of flame (17)
 u - a wand of polymorph (5)
Scrolls
 h - 3 scrolls of immolation
 n - 3 scrolls of teleportation
 p - 2 scrolls of fear
 s - 2 scrolls of magic mapping
 t - a scroll of enchant weapon
 x - a scroll of noise {unknown}
 y - 2 scrolls of identify
 z - a scroll of fog {unknown}
Potions
 c - a potion of heal wounds {unknown}
 d - 2 potions of might
 g - 2 potions of berserk rage
 k - a potion of brilliance {unknown}
 l - a potion of lignification {unknown}
 m - 2 potions of magic {unknown}
 o - a potion of degeneration {unknown}
 q - a potion of invisibility {unknown}
 r - a potion of cancellation
 w - a potion of curing
 A - a potion of flight {unknown}
 B - a potion of mutation {unknown}


   Skills:
 + Level 6.0 Fighting
 + Level 9.0 Axes
 + Level 7.5 Armour
 + Level 2.2 Dodging
 + Level 0.9 Stealth
 + Level 7.5 Shields
 * Level 5.5 Evocations


You had 8 spell levels left.
You didn't know any spells.
Your spell library contained the following spells:

 Spells                   Type           Power      Damage    Failure   Level
 Animate Skeleton         Necr           0%         N/A       100%        1
 Apportation              Tloc           0%         N/A       100%        1
 Slow                     Hex            0%         N/A       100%        1
 Summon Small Mammal      Summ           0%         N/A       100%        1
 Confusing Touch          Hex            0%         N/A       100%        3
 Vampiric Draining        Necr           0%         2d6       100%        3


Dungeon Overview and Level Annotations

Branches:
Dungeon (7/15)              Sewer (visited)
 Temple: D:4-7

Altars:
Ashenzari
Cheibriados
Elyvilon
Hepliaklqana
Kikubaaqudgha
Makhleb
Nemelex Xobeh
Okawaru
Trog
Vehumet
Wu Jian
Yredelemnul

Annotations:
D:5 2 transporters, Mickster's ghost, novice HOBe


Message History

The shadow hits you. x2
A shadow is nearby!
You hit the shadow.
The shadow is moderately damaged.
The shadow hits you.
A shadow is nearby!
You slash the shadow!
The shadow is severely damaged.
The shadow barely misses you.
A shadow is nearby!
You hit the shadow but do no damage.
The shadow is severely damaged.
The shadow slips into darkness.
The shadow flickers and vanishes!
Deactivating autopickup; reactivate with Ctrl-A.
The shadow strikes at you from the darkness!
Reactivating autopickup.
You barely miss the shadow.
The shadow is severely damaged.
The shadow hits you.
You hit the shadow but do no damage.
The shadow is severely damaged.
The shadow slips into darkness.
The shadow flickers and vanishes!
Deactivating autopickup; reactivate with Ctrl-A.
The shadow strikes at you from the darkness!
Reactivating autopickup.
You barely miss the shadow.
The shadow is severely damaged.
You block the shadow's attack.
Unknown command.
You hit the shadow but do no damage.
The shadow is severely damaged.
The shadow slips into darkness.
The shadow flickers and vanishes!
Deactivating autopickup; reactivate with Ctrl-A.
Unknown command.
You barely miss something.
The shadow strikes at you from the darkness!
You die...

#....................
#.##.######....##.###
#.#.................#
#.#..###.##....##.#.#
#.#..#............# #
#.#.......).......#.#
#.#.##.#<...........#
#........####.#...###.#
###..#.)<.{@..........#
####.#........#######
.......##.#.......
.........#...###....
#.####.#####?......##.
# #.#.......###.##.
#.##.###..# . ....
#.... +# #..#.#


There were no monsters in sight!

Vanquished Creatures
  A wraith (D:6)
  Sigmund (D:5)
  Eustachio (D:6)
  Menkaure (D:7)
  A water moccasin (D:5)
  An orc warrior (D:6)
  Pargi (Sewer)
  2 sky beasts
  A black bear (D:4)
  3 ogres
  An ice beast (D:4)
  A necrophage (D:7)
  A phantom (D:6)
  Blork the orc (D:5)
  A bullfrog (D:6)
  4 scorpions
  A kobold brigand (D:6)
  8 wights (D:6)
  3 howler monkeys (D:6)
  A gnoll shaman (D:7)
  A centaur zombie (D:7)
  A jelly (D:7)
  3 iguanas
  Ijyb (D:4)
  4 orc wizards
  7 adders
  10 gnolls
  A howler monkey skeleton (D:4)
  A shadow imp (D:5)
  An ufetubus (D:7)
  A worm (D:2)
  A dart slug (D:1)
  5 orcs
  A bat (D:2)
  2 endoplasms (D:3)
  5 giant cockroaches
  12 goblins
  6 hobgoblins
  3 quokkas
  4 ball pythons
  8 frilled lizards
  10 kobolds
  3 rats
126 creatures vanquished.

Vanquished Creatures (others)
  An orc wizard (D:4)
1 creature vanquished.

Grand Total: 127 creatures vanquished

Notes
Turn   | Place    | Note
-------+----------+-------------------------------------------
     0 | D:1      | cbfl8 the Hill Orc Fighter began the quest for the Orb.
     0 | D:1      | Reached XP level 1. HP: 19/19 MP: 1/1
   325 | D:1      | Reached XP level 2. HP: 27/27 MP: 2/2
   822 | D:2      | Found a faded altar of an unknown god.
  1102 | D:2      | Reached skill level 3 in Axes
  1126 | D:2      | Reached XP level 3. HP: 24/33 MP: 3/3
  1632 | D:2      | Reached skill level 1 in Evocations
  2216 | D:3      | Reached XP level 4. HP: 38/40 MP: 4/4
  2501 | D:3      | Reached skill level 4 in Axes
  2856 | D:4      | Found a glowing drain.
  2902 | D:4      | Reached XP level 5. HP: 21/46 MP: 5/5
  3001 | Sewer    | Entered a sewer
  3169 | Sewer    | Noticed Pargi
  3189 | Sewer    | Killed Pargi
  3190 | Sewer    | Reached XP level 6. HP: 25/52 MP: 6/6
  3457 | Sewer    | Reached skill level 5 in Axes
  3652 | D:4      | Reached skill level 1 in Dodging
  3944 | D:5      | Entered Level 5 of the Dungeon
  3944 | D:5      | Noticed an ice beast
  3944 | D:5      | Noticed a black bear
  3955 | D:4      | Killed a black bear
  3956 | D:4      | Reached skill level 5 in Shields
  3956 | D:4      | Reached XP level 7. HP: 43/60 MP: 7/7
  4159 | D:5      | Reached skill level 6 in Axes
  4627 | D:5      | Reached skill level 5 in Armour
  5019 | D:5      | Noticed Blork the orc
  5019 | D:5      | Noticed Ijyb
  5035 | D:4      | Reached XP level 8. HP: 61/67 MP: 8/8
  5145 | D:4      | Reached skill level 5 in Fighting
  5215 | D:4      | Killed Ijyb
  5293 | D:5      | Noticed Mickster's ghost (novice HOBe)
  5294 | D:5      | Found a transporter.
  5379 | D:5      | Noticed Sigmund
  5396 | D:5      | Killed Sigmund
  5397 | D:5      | Reached skill level 7 in Axes
  5568 | D:5      | Found a large runed translucent door.
  5569 | D:5      | Found a large runed translucent door.
  5629 | D:5      | Found a transporter.
  5645 | D:5      | Killed Blork the orc
  6220 | D:5      | Found a bloodstained altar of Trog.
  6356 | D:5      | Found an ancient bone altar of Kikubaaqudgha.
  6390 | D:6      | Noticed Eustachio
  6544 | D:6      | Killed Eustachio
  6545 | D:6      | Reached XP level 9. HP: 74/74 MP: 9/9
  6561 | D:6      | Reached skill level 8 in Axes
  7035 | D:6      | Reached skill level 5 in Evocations
  7535 | D:6      | Found a white marble altar of Elyvilon.
  7536 | D:6      | Found a sparkling altar of Nemelex Xobeh.
  7541 | D:6      | Found an ornate altar of the Wu Jian Council.
  7542 | D:6      | Found a radiant altar of Vehumet.
  7542 | D:6      | Found a burning altar of Makhleb.
  7542 | D:6      | Found a snail-covered altar of Cheibriados.
  7543 | D:6      | Found a hazy altar of Hepliaklqana.
  7544 | D:6      | Found a basalt altar of Yredelemnul.
  7545 | D:6      | Found an iron altar of Okawaru.
  7547 | D:6      | Found a broken altar of Ashenzari.
  7887 | D:7      | Noticed Menkaure
  7963 | D:7      | Killed Menkaure
  8791 | D:6      | Reached skill level 9 in Axes
  9101 | D:7      | Slain by a shadow

Illustrated notes

Levels and vault maps discovered:
D:1:      evilmike_arrival_crescent, layout_loops_ring
D:2:      layout_loops_ring, ebering_ecumenical_altar_webs,
          minmay_goblin_outpost
D:3:      layout_basic, kennysheep_path_1
D:4:      layout_basic, gup_sewer_entry_glass,
          minmay_a_box_with_orc_wizards_in_it
D:5:      layout_gridville, jmf_multi_god_temple2, gammafunk_ghost_smash,
          grunt_ministairs_13, grunt_decor_cap, uniq_sigmund, uniq_ijyb,
          uniq_blork_the_orc
D:6:      layout_basic, minitemple, uniq_eustachio, uniq_crazy_yiuf_cottage,
          uniq_edmund
D:7:      cheibrodos_wizards_tower, layout_basic,
          minmay_temple_entry_stoned_glass, uniq_menkaure

Skill      XL: |  1  2  3  4  5  6  7  8  9 |
---------------+----------------------------+-----
Axes           | 3 4 5 6 7 9 |  9.0
Fighting       | 4 5 6 |  6.0
Evocations     | 1 2 3 4 5 |  5.5
Shields        | 4 5 6 7 |  7.5
Armour         | 4 5 6 7 |  7.5
Dodging        | 1 2 |  2.2
Stealth        | |  0.9

Action                   |  1- 3 |  4- 6 |  7- 9 || total
-------------------------+-------+-------+-------++-------
Melee: War axe           |    93 |   181 |   289 ||   563
  Use: Potion            |       |     3 |       ||     3
       Scroll            |       |     5 |     2 ||     7
Armor: Scale mail        |    62 |   136 |   113 ||   311
Dodge: Dodged            |    24 |    49 |    70 ||   143
Block: Tower shield      |    59 |   153 |   223 ||   435
